 Seeded DCSS version 0.28-a0-851-g8b9cc49659 (webtiles) character file.

Game seed: 20211113 (custom seed)

889 a11behringer the Carver (level 7, -2/103 HPs)
             Began as a Minotaur Berserker on Nov 15, 2021.
             Was a Believer of Trog.
             Killed from afar by Pikel (6 damage)
             ... with a puff of flame
             ... on level 5 of the Dungeon.
             The game lasted 00:13:50 (4791 turns).

a11behringer the Carver (Minotaur Berserker)        Turns: 4791, Time: 00:13:51

Health: -2/103     AC:  7    Str: 22    XL:     7   Next: 77%
Magic:  8/8        EV: 13    Int:  4    God:    Trog [**....]
Gold:   137        SH:  0    Dex: 11    Spells: 6/6 levels left

rFire   . . .      SeeInvis .   a - +0 falchion
rCold   . . .      Faith    .   (no shield)
rNeg    . . .      Spirit   .   h - +2 leather armour {Will+}
rPois   .          Reflect  .   (helmet restricted)
rElec   .          Harm     .   (no cloak)
rCorr   .          Rampage  .   (no gloves)
Will    +++..                   k - +0 pair of boots
Stlth   ..........              (no amulet)
HPRegen 1.27/turn               (no ring)
MPRegen 0.11/turn               (no ring)

@: berserking, strong-willed, regenerating, very quick
A: horns 2, retaliatory headbutt
a: Renounce Religion, Berserk, Trog's Hand


You were on level 5 of the Dungeon.
You worshipped Trog.
Trog was pleased with you.
You visited 1 branch of the dungeon, and saw 5 of its levels.

You collected 137 gold pieces.

Inventory:

Hand Weapons
 a - a +0 falchion (weapon)
 s - a +0 long sword
Missiles
 e - 31 sling bullets
 l - 5 boomerangs (quivered)
Armour
 b - a +0 animal skin
 c - a +0 tower shield
 h - a +2 leather armour of willpower (worn)
 i - a +0 plate armour
 k - a +0 pair of boots (worn)
 q - the +5 scale mail of a ziggurat {Will+ Dex+3 Slay-6}
   (You found it on level 4 of the Dungeon)

   Dex:       It affects your dexterity (+3).
   Slay:      It affects your accuracy & damage with ranged weapons and melee
   (-6).
   Will:      It increases your willpower.
Wands
 m - a wand of iceblast (4)
Scrolls
 d - 2 scrolls of teleportation
 r - 3 scrolls of magic mapping {unknown}
Potions
 f - a potion of berserk rage
 g - a potion of curing
 j - a potion of invisibility {unknown}
 n - 2 potions of heal wounds
 o - a potion of resistance {unknown}
 p - a potion of experience


   Skills:
 + Level 8.5 Fighting
 * Level 10.5 Long Blades
 + Level 5.7 Armour
 + Level 5.8 Dodging
 + Level 4.7 Shields
 + Level 3.8 Invocations
 + Level 3.6 Evocations


You had 6 spell levels left.
You didn't know any spells.
Your spell library was empty.

Dungeon Overview and Level Annotations

Branches:
Dungeon (5/15)             Temple (0/1) D:4

Altars:
Ru

Shops:
D:5 *

Annotations:
D:5 Ijyb, Pikel


Innate Abilities, Weirdness & Mutations

You have a pair of horns on your head.
You reflexively headbutt those who attack you in melee.


Message History

Your skin crawls.
You feel strong-willed.
Pikel hits you with a +1 whip of flaming!
Pikel burns you.
Ijyb zaps a wand.
The puff of flame hits you.
A red film seems to cover your vision as you go berserk!
You feel yourself moving faster!
You feel mighty!
Ijyb zaps a wand.
The puff of flame hits you.
* * * LOW HITPOINT WARNING * * *
Pikel hits you with a +1 whip of flaming.
* * * LOW HITPOINT WARNING * * *
Pikel burns you.
* * * LOW HITPOINT WARNING * * *
You closely miss Ijyb.
Ijyb is heavily wounded.
Ijyb hits you with a +0 club.
* * * LOW HITPOINT WARNING * * *
Pikel hits you with a +1 whip of flaming.
* * * LOW HITPOINT WARNING * * *
Pikel burns you.
* * * LOW HITPOINT WARNING * * *
You closely miss Ijyb.
Ijyb is moderately wounded.
You miss Ijyb.
Ijyb is moderately wounded.
Pikel hits you with a +1 whip of flaming.
* * * LOW HITPOINT WARNING * * *
Pikel burns you.
* * * LOW HITPOINT WARNING * * *
Ijyb zaps a wand.
The puff of flame hits you.
* * * LOW HITPOINT WARNING * * *
You closely miss Pikel. You miss Pikel.
Pikel zaps a wand.
The puff of flame hits you!
* * * LOW HITPOINT WARNING * * *
Ijyb closely misses you.
You slash Pikel!
Pikel is moderately wounded.
You hit Pikel.
Pikel is heavily wounded.
Pikel zaps a wand.
The puff of flame hits you.
You die...

#.#.###[......#.#.#
........#.##.#.#.#
##.####.#.##...#.#
#........##.###.#
#..###.####.....# .
#.<..#.# ##.####.#
####'##.#.#
##........
#$...K#.#.#
#...<..#.. #....@#
#.# #.##.#.#
#.$...g.....#. ....#
#...........###.####
#)..........# #.
#.....####### ##
#...... #......
###....


You could see Pikel and Ijyb.

Vanquished Creatures
  Grinder (D:5)
  A black bear (D:4)
  3 lemures (D:5)
  2 hounds
  A centaur skeleton (D:4)
  A jelly (D:4)
  2 iguanas (D:4)
  A hound skeleton (D:4)
  5 adders
  3 dart slugs
  An orc (D:5)
  6 endoplasms
  5 giant cockroaches
  4 goblins
  4 hobgoblins
  9 jackals
  3 quokkas
  4 ball pythons
  A bat (D:2)
  4 frilled lizards
  9 kobolds
  3 rats
73 creatures vanquished.

Vanquished Creatures (others)
  A plant (D:2)
1 creature vanquished.

Grand Total: 74 creatures vanquished

Notes
Turn   | Place    | Note
-------+----------+-------------------------------------------
     0 | D:1      | a11behringer the Minotaur Berserker began the quest for the
                  | Orb.
     0 | D:1      | Reached XP level 1. HP: 19/19 MP: 0/0
   194 | D:1      | Reached skill level 4 in Long Blades
   281 | D:1      | Reached XP level 2. HP: 25/27 MP: 1/1
  1537 | D:2      | Reached XP level 3. HP: 33/33 MP: 2/2
  1592 | D:2      | Reached ** piety under Trog
  2335 | D:3      | Found a sacrificial altar of Ru.
  2376 | D:3      | Reached skill level 5 in Long Blades
  3050 | D:3      | Reached XP level 4. HP: 34/40 MP: 3/3
  3258 | D:4      | Noticed a black bear
  3267 | D:4      | Killed a black bear
  3268 | D:4      | Reached skill level 6 in Long Blades
  3268 | D:4      | Reached XP level 5. HP: 47/47 MP: 4/4
  3379 | D:4      | Found a staircase to the Ecumenical Temple.
  3431 | D:4      | Reached skill level 7 in Long Blades
  3439 | D:4      | Identified the +5 scale mail of a ziggurat {Will+ Dex+3
                  | Slay-6}
  3720 | D:4      | Reached XP level 6. HP: 52/53 MP: 5/5
  4042 | D:4      | Reached skill level 10 in Long Blades
  4042 | D:4      | Reached skill level 5 in Armour
  4042 | D:4      | Reached skill level 5 in Dodging
  4042 | D:4      | Reached XP level 7. HP: 20/69 MP: 5/8
  4465 | D:5      | Entered Level 5 of the Dungeon
  4473 | D:5      | Found Dublez's Assorted Antiques.
  4538 | D:5      | Noticed Grinder
  4539 | D:5      | Noticed Pikel
  4550 | D:5      | Killed Grinder
  4768 | D:5      | Noticed Ijyb
  4789 | D:5      | HP: 3/103 [Pikel/puff of flame (8)]
  4791 | D:5      | Killed from afar by Pikel

Illustrated notes

Levels and vault maps discovered:
D:1:      minmay_arrival_four_loops, layout_loops_ring
D:2:      layout_loops_ring, serial_forest, infiniplex_forest_clump_medium,
          infiniplex_forest_straight_1, infiniplex_forest_straight_2,
          infiniplex_forest_split
D:3:      layout_basic, mainiacjoe_overflow_boulevard
D:4:      layout_cave_pods, minmay_temple_entry_fiery, minivault_19,
          minmay_misc_feat_square, nrook_campfire
D:5:      layout_basic, serial_shops, nicolae_shop_crystal,
          minmay_misc_feat_nine_boxes, uniq_pikel, uniq_ijyb, uniq_grinder

Skill      XL: |  1  2  3  4  5  6 |
---------------+-------------------+-----
Long Blades    | 4 5 6 7 10 | 10.5
Fighting       | 4 8 |  8.5
Dodging        | 3 5 |  5.8
Armour         | 5 |  5.7
Shields        | 4 |  4.7
Invocations    | 3 |  3.8
Evocations     | 3 |  3.6

Action                   |  1- 3 |  4- 6 |  7- 9 || total
-------------------------+-------+-------+-------++-------
Melee: Falchion          |   108 |    52 |    62 ||   222
       Headbutt          |    22 |    12 |    10 ||    44
Invok: Berserk           |       |     1 |     2 ||     3
       Trog's Hand       |       |     1 |     2 ||     3
  Use: Scroll            |     6 |     2 |       ||     8
       Potion            |       |     1 |       ||     1
 Stab: Sleeping          |     2 |       |       ||     2
Armor: Animal skin       |    25 |       |       ||    25
       Leather armour    |     1 |    12 |    13 ||    26
Dodge: Dodged            |    52 |    34 |    21 ||   107

Table legend: (Time is in decaauts)
 A = Elapsed time spent in this place.
 B = Non-inter-level travel time spent in this place.
 C = Inter-level travel time spent in this place.
 D = Time resting spent in this place.
 E = Time spent auto-exploring this place.
 F = Levels seen in this place.
 G = Mean time per level.
                   A        B        C        D        E       F      G
               +--------+--------+--------+--------+--------+-----+--------+
         Total |   4798 |   4175 |    623 |      0 |   3619 |   5 |  959.6 |
       Dungeon |   4798 |   4175 |    623 |      0 |   3619 |   5 |  959.6 |
               +--------+--------+--------+--------+--------+-----+--------+

Top non-repeatable levels by time:
     D:4: 1231 daAuts
     D:2: 1101 daAuts
     D:3: 1087 daAuts
     D:1: 1059 daAuts
     D:5: 318 daAuts
